[Event "XVII MetLife Najdorf Open 2017"]
[Site "Warsaw"]
[Date "2017.07.09"]
[Round "1.60"]
[White "Skawinski, Arkadiusz"]
[Black "Godzwon, Iwo"]
[Result "1-0"]
[ECO "B30"]
[WhiteElo "2386"]
[BlackElo "2205"]
[Annotator "ChessBase"]
[PlyCount "67"]
[EventDate "2017.??.??"]
[EventType "swiss"]
[EventCountry "POL"]
[SourceTitle "playchess.com"]
[Source "ChessBase"]
[SourceQuality "1"]
[TimeControl "40/5400+30:1800+30"]

1. e4 c5 2. Nf3 Nc6 3. Bb5 d6 4. O-O Bd7 5. Re1 Nf6 6. c3 a6 7. Bc4 Bg4 8. d4 e6 9. h3 Bxf3 10. gxf3 d5 11. exd5 Nxd5 12. dxc5 Nc7 13. Qxd8+ Rxd8 14. b4 Be7 15. a3 Bf6 16. f4 Nd5 17. Bd2 O-O 18. Ra2 Nce7 19. Bf1 Ng6 20. Bg2 Rd7 21. Re4 Ndxf4 22. Rxf4 Nxf4 23. Bxf4 Rd1+ 24. Kh2 Rxb1 25. Bxb7 a5 26. c6 Bxc3 27. c7 axb4 28. Rc2 f6 29. Bd6 Re8 30. Bc6 Rc8 31. Bd7 Rxc7 32. Bxe6+ Rf7 33. axb4 Rd1 34. Rxc3 1-0

[Event "XVII MetLife Najdorf Open 2017"]
[Site "Warsaw"]
[Date "2017.07.09"]
[Round "1.61"]
[White "Aditya Mittal"]
[Black "Deszczynski, Adam"]
[Result "0-1"]
[ECO "E91"]
[WhiteElo "2203"]
[BlackElo "2380"]
[Annotator "ChessBase"]
[PlyCount "114"]
[EventDate "2017.??.??"]
[EventType "swiss"]
[EventCountry "POL"]
[SourceTitle "playchess.com"]
[Source "ChessBase"]
[SourceQuality "1"]
[TimeControl "40/5400+30:1800+30"]

1. d4 Nf6 2. c4 g6 3. Nc3 Bg7 4. e4 d6 5. Nf3 O-O 6. Be2 Na6 7. O-O e5 8. d5 Nc5 9. Qc2 a5 10. Bg5 h6 11. Be3 b6 12. Nd2 Bd7 13. b3 Nh5 14. Bxh5 gxh5 15. f3 f5 16. exf5 Bxf5 17. Nde4 Nxe4 18. Nxe4 Qe8 19. a3 Qg6 20. b4 axb4 21. axb4 h4 22. Rxa8 Rxa8 23. Kh1 Kh8 24. Rg1 Rg8 25. c5 bxc5 26. bxc5 Bf8 27. cxd6 cxd6 28. Qf2 Bxe4 29. fxe4 Qxe4 30. Qf3 Qg6 31. Qh3 Be7 32. Bf2 Qg4 33. Qxg4 Rxg4 34. Rb1 Bg5 35. Kg1 Ra4 36. Kf1 Ra5 37. Rd1 Rb5 38. h3 Kh7 39. g3 hxg3 40. Bxg3 Kg6 41. h4 Be3 42. Ke2 Bd4 43. Be1 h5 44. Rd3 Kf5 45. Rg3 Ke4 46. Rg5 Rb2+ 47. Kf1 Be3 48. Rxh5 Bf4 49. Rh7 Kf3 50. h5 e4 51. h6 Rh2 52. Kg1 Rxh6 53. Rf7 e3 54. Rf8 Rg6+ 55. Kh1 Rg4 56. Bb4 Kf2 57. Bxd6 Rh4# 0-1

[Event "XVII MetLife Najdorf Open 2017"]
[Site "Warsaw"]
[Date "2017.07.09"]
[Round "1.62"]
[White "Moehn, Hans"]
[Black "Dmochowska, Agnieszka"]
[Result "0-1"]
[ECO "A05"]
[WhiteElo "2380"]
[BlackElo "2202"]
[Annotator "ChessBase"]
[PlyCount "104"]
[EventDate "2017.??.??"]
[EventType "swiss"]
[EventCountry "POL"]
[SourceTitle "playchess.com"]
[Source "ChessBase"]
[SourceQuality "1"]
[TimeControl "40/5400+30:1800+30"]

1. Nf3 Nf6 2. g3 d5 3. Bg2 e6 4. O-O Be7 5. c4 dxc4 6. Na3 a6 7. Nxc4 b5 8. Nce5 O-O 9. d4 Bb7 10. Bd2 Nbd7 11. Rc1 Nxe5 12. dxe5 Nd5 13. Qc2 c5 14. Rfd1 Qc7 15. Bg5 Rac8 16. a3 h6 17. Bxe7 Nxe7 18. h4 c4 19. Qc3 Nd5 20. Qd4 Rfd8 21. Qg4 Ne7 22. Qf4 Nd5 23. Qg4 Nb6 24. Qf4 Na4 25. Rxd8+ Qxd8 26. g4 Bxf3 27. Bxf3 Qxh4 28. b3 Nb6 29. Qd4 Qd8 30. Qxd8+ Rxd8 31. bxc4 Nxc4 32. Bb7 Nxa3 33. Bxa6 b4 34. Rc6 Rb8 35. Bd3 g6 36. Kg2 b3 37. Rc3 Rb4 38. Kg3 Nb5 39. Rc8+ Kg7 40. Rb8 b2 41. Bb1 Rb3+ 42. e3 Nd4 43. Rc8 Ne2+ 44. Kg2 Nc3 45. Bc2 b1=Q 46. Bxb1 Nxb1 47. Rc5 Rc3 48. Ra5 Nd2 49. Kg3 Ne4+ 50. Kf3 Rc5 51. Ra4 Nc3 52. Ra3 Nb5 0-1

[Event "XVII MetLife Najdorf Open 2017"]
[Site "Warsaw"]
[Date "2017.07.09"]
[Round "1.64"]
[White "Raja Harshit"]
[Black "Jeet, Jain"]
[Result "1-0"]
[ECO "C78"]
[WhiteElo "2377"]
[BlackElo "2191"]
[Annotator "ChessBase"]
[PlyCount "83"]
[EventDate "2017.??.??"]
[EventType "swiss"]
[EventCountry "POL"]
[SourceTitle "playchess.com"]
[Source "ChessBase"]
[SourceQuality "1"]
[TimeControl "40/5400+30:1800+30"]

1. e4 e5 2. Nf3 Nc6 3. Bb5 a6 4. Ba4 Nf6 5. O-O b5 6. Bb3 Bc5 7. c3 d6 8. d4 Bb6 9. a4 Rb8 10. axb5 axb5 11. Na3 O-O 12. Nxb5 Bg4 13. Bc2 exd4 14. Nbxd4 Nxd4 15. cxd4 Bxf3 16. gxf3 Nh5 17. Be3 Qf6 18. Kh1 c5 19. e5 dxe5 20. dxc5 Bc7 21. Be4 Nf4 22. Bxf4 exf4 23. Qd7 Be5 24. c6 Rbd8 25. Qb7 Bxb2 26. Ra6 Rb8 27. Qa7 Rbc8 28. Rd1 Be5 29. Rd7 Rfd8 30. Ra5 Bb8 31. Qb7 Rxd7 32. Qxd7 Qd8 33. Bf5 Qxd7 34. Bxd7 Rd8 35. Ra8 Bc7 36. Ra7 Bb8 37. c7 Bxc7 38. Rxc7 g5 39. Rc8 Rxc8 40. Bxc8 Kg7 41. Kg2 Kf6 42. h4 1-0

[Event "XVII MetLife Najdorf Open 2017"]
[Site "Warsaw"]
[Date "2017.07.09"]
[Round "1.67"]
[White "Paramzina, Anastasya"]
[Black "Kaczmarek, Aleksander"]
[Result "0-1"]
[ECO "B17"]
[WhiteElo "2166"]
[BlackElo "2380"]
[Annotator "ChessBase"]
[PlyCount "188"]
[EventDate "2017.??.??"]
[EventType "swiss"]
[EventCountry "POL"]
[SourceTitle "playchess.com"]
[Source "ChessBase"]
[SourceQuality "1"]
[TimeControl "40/5400+30:1800+30"]

1. e4 c6 2. d4 d5 3. Nc3 dxe4 4. Nxe4 Nd7 5. Ng5 Ngf6 6. Bd3 e6 7. N1f3 Bd6 8. Qe2 h6 9. Ne4 Nxe4 10. Qxe4 Nf6 11. Qe2 b6 12. Bd2 Qc7 13. O-O-O Bb7 14. Ne5 O-O-O 15. Rhe1 Kb8 16. g3 Nd5 17. Kb1 Rhe8 18. Qg4 Bf8 19. Qh5 Re7 20. Qe2 Ka8 21. Be4 Ree8 22. Bf3 f6 23. Ng6 Bd6 24. Bh5 a5 25. Nh4 Re7 26. Ng6 Ree8 27. Nh4 Rf8 28. Qxe6 f5 29. Qe2 g5 30. Ng6 Rfe8 31. Ne5 Re7 32. Bg6 Rf8 33. Qh5 Rg7 34. Qxh6 Rf6 35. Qh8+ Ka7 36. Be8 Rf8 37. Qh5 Nf6 38. Qh6 Nxe8 39. Bxg5 Rfg8 40. Bf4 Rf8 41. Qe6 Re7 42. Qb3 Nf6 43. Ng6 Rxe1 44. Rxe1 Re8 45. Rxe8 Nxe8 46. Qe6 Bxf4 47. Nxf4 Qd8 48. c3 c5 49. Qxf5 cxd4 50. Qd3 Qe7 51. Qxd4 Nc7 52. Kc2 Qh7+ 53. Kd2 Qxh2 54. c4 Na6 55. Nd3 Qh5 56. g4 Qg5+ 57. Qf4 Qd8 58. Ke3 Qe8+ 59. Kd4 Qd7+ 60. Ke3 Qe6+ 61. Kd4 Qe2 62. Kc3 Nb4 63. Nxb4 Qe1+ 64. Kd4 Qxb4 65. b3 Qa3 66. Qd2 Bf3 67. Qf4 Qc5+ 68. Kc3 Qxf2 69. g5 Qe1+ 70. Kd4 Qa1+ 71. Kd3 Bb7 72. Qd2 Qb1+ 73. Kd4 Qe4+ 74. Kc3 Qe5+ 75. Kc2 Be4+ 76. Kd1 Bf3+ 77. Kc2 Be4+ 78. Kd1 Ka6 79. Ke2 Bf5+ 80. Kf2 Kb7 81. a3 Qh2+ 82. Ke1 Qg3+ 83. Ke2 Bg4+ 84. Kf1 Bh3+ 85. Ke2 Bg4+ 86. Kf1 Qxb3 87. Qd5+ Ka7 88. Qf7+ Ka6 89. g6 Bh5 90. Qf5 Qxc4+ 91. Kf2 Qc5+ 92. Qxc5 bxc5 93. g7 Bf7 94. a4 Kb6 0-1

[Event "XVII MetLife Najdorf Open 2017"]
[Site "Warsaw"]
[Date "2017.07.09"]
[Round "1.68"]
[White "Zylka, Stanislaw"]
[Black "Sliwicka, Alicja"]
[Result "1-0"]
[ECO "A33"]
[WhiteElo "2368"]
[BlackElo "2164"]
[Annotator "NA"]
[PlyCount "69"]
[EventDate "2017.??.??"]
[EventType "swiss"]
[EventCountry "POL"]
[SourceTitle "playchess.com"]
[Source "ChessBase"]
[SourceQuality "1"]
[TimeControl "40/5400+30:1800+30"]

1. c4 c5 2. Nf3 Nc6 3. d4 cxd4 4. Nxd4 Nf6 5. Nc3 e6 6. a3 Be7 7. e4 Qc7 8. Be3 a6 9. Be2 O-O 10. Rc1 Qb8 11. O-O Bd6 12. Kh1 b6 13. b4 Bb7 14. Nb3 Bc7 15. f4 d6 16. Qe1 Ne7 17. Nd2 d5 18. e5 Ne4 19. Ndxe4 dxe4 20. Qf2 Bc6 21. a4 Nf5 22. b5 axb5 23. axb5 Bb7 24. Bxb6 Bxb6 25. Qxb6 e3 26. c5 Bd5 27. Qxb8 Rfxb8 28. Rfd1 Bb3 29. Rd7 Kf8 30. b6 Ne7 31. Bf3 Ra5 32. c6 Nxc6 33. Bxc6 Rc5 34. Rc7 Rd8 35. Bf3 1-0

[Event "XVII MetLife Najdorf Open 2017"]
[Site "Warsaw"]
[Date "2017.07.09"]
[Round "1.69"]
[White "Pranav Vijay"]
[Black "Kosakowski, Jakub"]
[Result "0-1"]
[ECO "B23"]
[WhiteElo "2265"]
[BlackElo "2366"]
[Annotator "ChessBase"]
[PlyCount "88"]
[EventDate "2017.??.??"]
[EventType "swiss"]
[EventCountry "POL"]
[SourceTitle "playchess.com"]
[Source "ChessBase"]
[SourceQuality "1"]
[TimeControl "40/5400+30:1800+30"]

1. e4 c5 2. Nc3 d6 3. g3 Nc6 4. Bg2 g6 5. f4 Bg7 6. Nf3 e6 7. O-O Nge7 8. d3 O-O 9. h3 Rb8 10. a4 a6 11. g4 f5 12. Qe1 b5 13. axb5 axb5 14. Be3 Nd4 15. Bxd4 cxd4 16. Ne2 e5 17. gxf5 gxf5 18. Qb4 Ng6 19. fxe5 dxe5 20. exf5 Bxf5 21. Ra7 Kh8 22. Ng3 Be6 23. Ne4 Bd5 24. Qe1 Qb6 25. Rd7 Nf4 26. Rd6 Qc7 27. Nfg5 Nxg2 28. Kxg2 Qxd6 29. Rf3 Rxf3 30. Qh4 Qg6 31. Kxf3 Rf8+ 32. Ke2 Rf4 33. Qg3 Bxe4 34. dxe4 h6 35. h4 hxg5 36. hxg5 Qxe4+ 37. Kd2 Rf3 38. Qh2+ Kg8 39. Qe2 Qf4+ 40. Ke1 Qc1+ 41. Qd1 Re3+ 42. Kf2 Qxd1 43. g6 Qd2+ 44. Kf1 Re1# 0-1

[Event "XVII MetLife Najdorf Open 2017"]
[Site "Warsaw"]
[Date "2017.07.09"]
[Round "1.70"]
[White "Zujev, Oleg"]
[Black "Kubicka, Anna"]
[Result "1-0"]
[ECO "E81"]
[WhiteElo "2366"]
[BlackElo "2152"]
[Annotator "NA"]
[PlyCount "73"]
[EventDate "2017.??.??"]
[EventType "swiss"]
[EventCountry "POL"]
[SourceTitle "playchess.com"]
[Source "ChessBase"]
[SourceQuality "1"]
[TimeControl "40/5400+30:1800+30"]

1. d4 Nf6 2. c4 g6 3. Nc3 Bg7 4. e4 d6 5. f3 O-O 6. Be3 c5 7. Nge2 Nc6 8. d5 Ne5 9. Ng3 e6 10. Be2 exd5 11. cxd5 a6 12. a4 Rb8 13. O-O h5 14. h3 Re8 15. f4 Ned7 16. e5 h4 17. Nge4 Nxe4 18. Nxe4 dxe5 19. f5 Nf6 20. fxg6 fxg6 21. Nxf6+ Bxf6 22. Bxc5 Bf5 23. a5 Rc8 24. b4 e4 25. Ra3 Be5 26. d6 Qd7 27. Qd2 Rcd8 28. Qg5 Kg7 29. Bg4 Bxg4 30. hxg4 Qe6 31. Rh3 Bxd6 32. Rxh4 Bxc5+ 33. bxc5 Rh8 34. Rxh8 Rxh8 35. Rb1 Qf7 36. Qe5+ Kh6 37. Qxh8+ 1-0

[Event "XVII MetLife Najdorf Open 2017"]
[Site "Warsaw"]
[Date "2017.07.09"]
[Round "1.71"]
[White "Antolak, Julia"]
[Black "Nowak, Kamil"]
[Result "1/2-1/2"]
[ECO "B66"]
[WhiteElo "2144"]
[BlackElo "2362"]
[Annotator "ChessBase"]
[PlyCount "90"]
[EventDate "2017.??.??"]
[EventType "swiss"]
[EventCountry "POL"]
[SourceTitle "playchess.com"]
[Source "ChessBase"]
[SourceQuality "1"]
[TimeControl "40/5400+30:1800+30"]

1. e4 c5 2. Nf3 d6 3. d4 cxd4 4. Nxd4 Nf6 5. Nc3 Nc6 6. Bg5 e6 7. Qd2 a6 8. O-O-O h6 9. Be3 Be7 10. f3 Nxd4 11. Qxd4 e5 12. Qd2 Be6 13. Kb1 Rc8 14. g4 Qa5 15. a3 Rxc3 16. Qxc3 Qxc3 17. bxc3 d5 18. g5 hxg5 19. Bxg5 dxe4 20. Bxf6 Bxf6 21. fxe4 Rh4 22. Bd3 Be7 23. Kb2 g6 24. Rdf1 Kd7 25. Rf2 Kc6 26. c4 Bg5 27. Kc3 Bf4 28. Rg2 g5 29. Kb4 b6 30. c5 a5+ 31. Kc3 Kxc5 32. Rhg1 g4 33. Be2 Rh3+ 34. Bd3 Bxh2 35. Rxg4 Bxg1 36. Rxg1 Rf3 37. Rb1 Bc4 38. a4 f5 39. Re1 f4 40. Rh1 Be6 41. Rh7 Re3 42. Re7 Kd6 43. Rb7 Kc6 44. Re7 Kd6 45. Rb7 Kc6 1/2-1/2

[Event "XVII MetLife Najdorf Open 2017"]
[Site "Warsaw"]
[Date "2017.07.09"]
[Round "1.72"]
[White "Przedmojski, Rafal"]
[Black "Mis, Mieszko"]
[Result "1-0"]
[ECO "D17"]
[WhiteElo "2355"]
[BlackElo "2137"]
[Annotator "ChessBase"]
[PlyCount "163"]
[EventDate "2017.??.??"]
[EventType "swiss"]
[EventCountry "POL"]
[SourceTitle "playchess.com"]
[Source "ChessBase"]
[SourceQuality "1"]
[TimeControl "40/5400+30:1800+30"]

1. d4 d5 2. c4 c6 3. Nf3 Nf6 4. Nc3 dxc4 5. a4 Bf5 6. Ne5 Nbd7 7. Nxc4 Qc7 8. g3 e5 9. dxe5 Nxe5 10. Bf4 Nfd7 11. Nxe5 Nxe5 12. Bg2 Bd6 13. O-O O-O 14. Ne4 Bxe4 15. Bxe4 Rad8 16. Qc2 Ng6 17. Bg5 Be7 18. Be3 a5 19. Rfd1 Rxd1+ 20. Rxd1 Rd8 21. Kg2 Rxd1 22. Qxd1 Nf8 23. Qc2 h6 24. Qc4 Qe5 25. b3 Ne6 26. f4 Qd6 27. Bb6 Bd8 28. Bf2 Be7 29. Qc3 Qb4 30. Qxb4 Bxb4 31. Kf3 Kf8 32. Bc2 Ke7 33. h4 f6 34. h5 Bc5 35. e3 Bb4 36. Ke4 Nf8 37. Kd4 Kd6 38. Bf5 Bc5+ 39. Ke4 Ne6 40. Bxe6 Kxe6 41. g4 Bb4 42. Bh4 b5 43. Kd3 Kf7 44. Bf2 Ke6 45. e4 Kd6 46. Be3 Ke6 47. Bc1 Bd6 48. Bd2 Bc7 49. Bc3 Kf7 50. Ke3 Bb6+ 51. Kf3 Bc7 52. Bd4 Bd6 53. Bb6 Bb4 54. Bc7 Bc3 55. Ke3 Ke6 56. Kd3 Bb4 57. e5 fxe5 58. Bxe5 Kf7 59. Ke4 g6 60. Bc7 gxh5 61. gxh5 Bc3 62. Bb6 Bd2 63. Ke5 Bb4 64. Be3 bxa4 65. bxa4 Bc3+ 66. Kd6 Kf6 67. Kxc6 Kf5 68. Kd5 Bb4 69. Bc1 Bc3 70. Kd6 Kg4 71. Ke6 Kxh5 72. f5 Bb4 73. Bf4 Bf8 74. Bc7 Bb4 75. Bd8 Kg4 76. f6 h5 77. f7 Bf8 78. Bxa5 Kg5 79. Bd8+ Kg6 80. a5 Kg7 81. Bf6+ Kg6 82. a6 1-0

[Event "XVII MetLife Najdorf Open 2017"]
[Site "Warsaw"]
[Date "2017.07.09"]
[Round "1.73"]
[White "Baasansuren, Erdene"]
[Black "Omar, Noaman"]
[Result "0-1"]
[ECO "E04"]
[WhiteElo "2128"]
[BlackElo "2354"]
[Annotator "ChessBase"]
[PlyCount "72"]
[EventDate "2017.??.??"]
[EventType "swiss"]
[EventCountry "POL"]
[SourceTitle "playchess.com"]
[Source "ChessBase"]
[SourceQuality "1"]
[TimeControl "40/5400+30:1800+30"]

1. d4 d5 2. c4 e6 3. Nf3 Nf6 4. g3 dxc4 5. Bg2 c5 6. O-O Nc6 7. Qa4 Bd7 8. Qxc4 cxd4 9. Nxd4 Rc8 10. Rd1 Nxd4 11. Qxd4 Bc5 12. Qf4 O-O 13. Bxb7 e5 14. Qf3 e4 15. Bxe4 Qb6 16. Bd3 Ng4 17. e3 Qh6 18. h4 Ne5 19. Qf4 Qh5 20. Nc3 Bg4 21. Bc2 Rfd8 22. Rxd8+ Rxd8 23. Be4 h6 24. Kg2 Bd6 25. Bd5 Nd3 26. Qc4 Ne5 27. Qf4 Nd3 28. Qc4 Ne5 29. Qf4 Nd3 30. Qc4 Ne5 31. Qf4 Nd3 32. Qc4 Bh3+ 33. Kxh3 Qf5+ 34. g4 Qxf2 35. Bxf7+ Kh8 36. g5 Qg3# 0-1

[Event "XVII MetLife Najdorf Open 2017"]
[Site "Warsaw"]
[Date "2017.07.09"]
[Round "1.74"]
[White "Spitzl, Vinzent"]
[Black "Ghadiri, Radmehr"]
[Result "1-0"]
[ECO "C02"]
[WhiteElo "2348"]
[BlackElo "2125"]
[Annotator "ChessBase"]
[PlyCount "107"]
[EventDate "2017.??.??"]
[EventType "swiss"]
[EventCountry "POL"]
[SourceTitle "playchess.com"]
[Source "ChessBase"]
[SourceQuality "1"]
[TimeControl "40/5400+30:1800+30"]

1. e4 e6 2. d4 d5 3. e5 c5 4. c3 Nc6 5. Nf3 Qb6 6. a3 f6 7. Bd3 fxe5 8. dxe5 g6 9. O-O Bg7 10. Re1 c4 11. Bc2 Nh6 12. Bxh6 Bxh6 13. b3 cxb3 14. Bxb3 O-O 15. Ra2 Bd7 16. Nbd2 Na5 17. Nd4 Rac8 18. Nb1 Rf4 19. Bc2 Nc6 20. Nf3 Rcf8 21. Nbd2 Bg7 22. Bd3 Qc7 23. Qe2 Na5 24. Rc2 Ba4 25. Rcc1 Nb3 26. Nxb3 Bxb3 27. Nd4 Rxf2 28. Qe3 Qc5 29. Nxb3 Qxe3 30. Rxe3 Bh6 31. Ree1 Bxc1 32. Nxc1 R2f4 33. Ne2 Ra4 34. Ra1 Kf7 35. Nd4 Rc8 36. Bb5 Ra5 37. Bd7 Rxc3 38. Bxe6+ Ke7 39. Rb1 b6 40. Rf1 Rcxa3 41. Rf7+ Ke8 42. Rxh7 Rc3 43. Bd7+ Kf8 44. e6 Ra1+ 45. Kf2 Ra2+ 46. Ne2 Rcc2 47. e7+ Kg8 48. e8=Q+ Kxh7 49. Qf7+ Kh6 50. Qf4+ Kh7 51. Bg4 Rd2 52. Qf7+ Kh6 53. h4 d4 54. Qg8 1-0

[Event "XVII MetLife Najdorf Open 2017"]
[Site "Warsaw"]
[Date "2017.07.09"]
[Round "1.75"]
[White "Domanski, Lukasz"]
[Black "Lagunow, Raphael"]
[Result "0-1"]
[ECO "B31"]
[WhiteElo "2113"]
[BlackElo "2348"]
[Annotator "ChessBase"]
[PlyCount "42"]
[EventDate "2017.??.??"]
[EventType "swiss"]
[EventCountry "POL"]
[SourceTitle "playchess.com"]
[Source "ChessBase"]
[SourceQuality "1"]
[TimeControl "40/5400+30:1800+30"]

1. e4 c5 2. Nf3 Nc6 3. Bb5 g6 4. Bxc6 dxc6 5. h3 Bg7 6. d3 Nh6 7. Nc3 f6 8. Be3 b6 9. Qd2 Nf7 10. O-O e5 11. Nh2 O-O 12. f4 exf4 13. Rxf4 f5 14. Raf1 g5 15. Rxf5 Bxf5 16. Rxf5 h6 17. h4 gxh4 18. Ng4 Qd6 19. e5 Qg6 20. Nf6+ Kh8 21. Rh5 Bxf6 0-1

[Event "XVII MetLife Najdorf Open 2017"]
[Site "Warsaw"]
[Date "2017.07.09"]
[Round "1.76"]
[White "Siekanski, Janusz"]
[Black "Priyanka Nutakki"]
[Result "1/2-1/2"]
[ECO "D85"]
[WhiteElo "2287"]
[BlackElo "2104"]
[Annotator "ChessBase"]
[PlyCount "42"]
[EventDate "2017.??.??"]
[EventType "swiss"]
[EventCountry "POL"]
[SourceTitle "playchess.com"]
[Source "ChessBase"]
[SourceQuality "1"]
[TimeControl "40/5400+30:1800+30"]

1. d4 Nf6 2. c4 g6 3. Nc3 d5 4. cxd5 Nxd5 5. e4 Nxc3 6. bxc3 c5 7. Be3 Bg7 8. Qd2 O-O 9. Nf3 Qa5 10. Rb1 cxd4 11. cxd4 Qxd2+ 12. Kxd2 b6 13. Bd3 Rd8 14. Rhc1 Ba6 15. Rb3 Bxd3 16. Rxd3 Nd7 17. Ke2 Rac8 18. Rdc3 Rxc3 19. Rxc3 Nc5 20. e5 Ne6 21. Ra3 Rd7 1/2-1/2

[Event "XVII MetLife Najdorf Open 2017"]
[Site "Warsaw"]
[Date "2017.07.09"]
[Round "1.77"]
[White "Fus, Jakub"]
[Black "Prince, Bajaj"]
[Result "1/2-1/2"]
[ECO "E15"]
[WhiteElo "2103"]
[BlackElo "2344"]
[Annotator "ChessBase"]
[PlyCount "58"]
[EventDate "2017.??.??"]
[EventType "swiss"]
[EventCountry "POL"]
[SourceTitle "playchess.com"]
[Source "ChessBase"]
[SourceQuality "1"]
[TimeControl "40/5400+30:1800+30"]

1. d4 Nf6 2. c4 e6 3. Nf3 b6 4. g3 Ba6 5. b3 d5 6. Bg2 Bb4+ 7. Bd2 Be7 8. cxd5 exd5 9. Nc3 O-O 10. O-O Re8 11. Rc1 c5 12. Bf4 Bb7 13. Ne5 Na6 14. Nb5 Ne4 15. Bh3 Bg5 16. Bxg5 Nxg5 17. Bg2 Qe7 18. e3 Nb4 19. Nc3 Rad8 20. Re1 Qe6 21. a3 Nc6 22. Nxc6 Bxc6 23. Qh5 f6 24. Red1 g6 25. Qh6 Qf5 26. h4 Nf3+ 27. Bxf3 Qxf3 28. Qf4 Qxf4 29. gxf4 c4 1/2-1/2

[Event "XVII MetLife Najdorf Open 2017"]
[Site "Warsaw"]
[Date "2017.07.10"]
[Round "2.21"]
[White "Adamski, Jan"]
[Black "Kanarek, Marcel"]
[Result "0-1"]
[ECO "E73"]
[WhiteElo "2250"]
[BlackElo "2509"]
[Annotator "ChessBase"]
[PlyCount "63"]
[EventDate "2017.??.??"]
[EventType "swiss"]
[EventCountry "POL"]
[SourceTitle "playchess.com"]
[Source "ChessBase"]
[SourceQuality "1"]
[TimeControl "40/5400+30:1800+30"]

1. d4 Nf6 2. c4 g6 3. Nc3 Bg7 4. e4 d6 5. Be2 O-O 6. Bg5 h6 7. Be3 c5 8. dxc5 Qa5 9. Bd2 Qxc5 10. Nf3 Be6 11. Be3 Qc8 12. b3 d5 13. exd5 Nxd5 14. Nxd5 Bxd5 15. Rc1 Be4 16. O-O Nc6 17. c5 Rd8 18. Qe1 g5 19. Nd2 Bf5 20. f3 Nb4 21. Ne4 a5 22. Bc4 Nxa2 23. Rd1 Rxd1 24. Qxd1 Nb4 25. Qd2 Qc7 26. Rd1 Nc6 27. Qc1 Rd8 28. Ng3 Bg6 29. Rxd8+ Qxd8 30. Ne2 Ne5 31. h3 Nxc4 32. bxc4 0-1

[Event "XVII MetLife Najdorf Open 2017"]
[Site "Warsaw"]
[Date "2017.07.10"]
[Round "2.22"]
[White "Szadkowski, Kamil"]
[Black "Debashis, Das"]
[Result "1/2-1/2"]
[ECO "B90"]
[WhiteElo "2237"]
[BlackElo "2505"]
[Annotator "ChessBase"]
[PlyCount "44"]
[EventDate "2017.??.??"]
[EventType "swiss"]
[EventCountry "POL"]
[SourceTitle "playchess.com"]
[Source "ChessBase"]
[SourceQuality "1"]
[TimeControl "40/5400+30:1800+30"]

1. e4 c5 2. Nf3 d6 3. d4 cxd4 4. Nxd4 Nf6 5. Nc3 a6 6. Bc4 e6 7. Bb3 Nbd7 8. O-O Nc5 9. f4 Ncxe4 10. Nxe4 Nxe4 11. f5 e5 12. Qh5 Qd7 13. Re1 Nf6 14. Qg5 Qc7 15. Be3 Bd7 16. a4 Rg8 17. a5 Be7 18. Nf3 h6 19. Qg3 Ne4 20. Qg4 Nf6 21. Qg3 Ne4 22. Qg4 Nf6 1/2-1/2

[Event "XVII MetLife Najdorf Open 2017"]
[Site "Warsaw"]
[Date "2017.07.10"]
[Round "2.24"]
[White "Karwowski, Kacper"]
[Black "Annaberdiev, Meilis"]
[Result "0-1"]
[ECO "B22"]
[WhiteElo "2221"]
[BlackElo "2485"]
[Annotator "ChessBase"]
[PlyCount "94"]
[EventDate "2017.??.??"]
[EventType "swiss"]
[EventCountry "POL"]
[SourceTitle "playchess.com"]
[Source "ChessBase"]
[SourceQuality "1"]
[TimeControl "40/5400+30:1800+30"]

1. e4 c5 2. c3 Qa5 3. Nf3 d6 4. Bc4 Nf6 5. Qe2 Nc6 6. e5 dxe5 7. Nxe5 Nxe5 8. Qxe5 e6 9. O-O Qb6 10. Na3 Bd7 11. Qe2 Bd6 12. Bb5 Bxb5 13. Nxb5 Be7 14. Rd1 Rd8 15. Na3 O-O 16. Nc4 Qc7 17. d4 cxd4 18. cxd4 Rc8 19. Ne3 Rfd8 20. b3 Nd5 21. Bb2 Qa5 22. Nc4 Qa6 23. Qf3 Bf6 24. a3 Ne7 25. Ne5 Bxe5 26. dxe5 Rxd1+ 27. Rxd1 Nd5 28. g3 h6 29. Rc1 Rxc1+ 30. Bxc1 Qc6 31. Be3 Qc3 32. Kg2 Qxe5 33. Bxa7 b6 34. Qd3 Qc7 35. Qa6 h5 36. h4 Qc6 37. Kg1 f5 38. Bb8 Qc1+ 39. Kg2 Qc2 40. Bf4 Qxb3 41. Be5 Qc2 42. Qa8+ Kh7 43. Qe8 Ne3+ 44. Kf3 Qe4+ 45. Ke2 Ng4+ 46. Kf1 Qxe5 47. Qxh5+ Nh6 0-1

[Event "XVII MetLife Najdorf Open 2017"]
[Site "Warsaw"]
[Date "2017.07.10"]
[Round "2.25"]
[White "Dmochowska, Agnieszka"]
[Black "Puranik, Abhimanyu"]
[Result "1/2-1/2"]
[ECO "D85"]
[WhiteElo "2202"]
[BlackElo "2479"]
[Annotator "ChessBase"]
[PlyCount "78"]
[EventDate "2017.??.??"]
[EventType "swiss"]
[EventCountry "POL"]
[SourceTitle "playchess.com"]
[Source "ChessBase"]
[SourceQuality "1"]
[TimeControl "40/5400+30:1800+30"]

1. d4 Nf6 2. c4 g6 3. Nc3 d5 4. cxd5 Nxd5 5. e4 Nxc3 6. bxc3 Bg7 7. Rb1 O-O 8. Nf3 c5 9. Be2 cxd4 10. cxd4 Qa5+ 11. Bd2 Qxa2 12. O-O Bg4 13. Bg5 h6 14. Be3 Nc6 15. d5 Na5 16. Bc5 b6 17. Bxe7 Rfe8 18. d6 Nc6 19. Bb5 Nxe7 20. Bxe8 Rxe8 21. dxe7 Qa3 22. h3 Bc8 23. Qc2 Qxe7 24. Rfc1 Bb7 25. Qa4 Ra8 26. Rc4 Bf8 27. Rd1 Rc8 28. Rcd4 Bc6 29. Qb3 Qc7 30. Nh4 Bc5 31. R4d2 Qe7 32. Nf3 a5 33. Nd4 Be8 34. Nb5 Bb4 35. Nd6 Rc6 36. Nxe8 Bxd2 37. Rxd2 Qxe8 38. Qd5 Rc5 39. Qb7 Qc6 1/2-1/2

[Event "XVII MetLife Najdorf Open 2017"]
[Site "Warsaw"]
[Date "2017.07.10"]
[Round "2.26"]
[White "Nihal Sarin"]
[Black "Spitzl, Vinzent"]
[Result "1-0"]
[ECO "A14"]
[WhiteElo "2471"]
[BlackElo "2348"]
[Annotator "ChessBase"]
[PlyCount "81"]
[EventDate "2017.??.??"]
[EventType "swiss"]
[EventCountry "POL"]
[SourceTitle "playchess.com"]
[Source "ChessBase"]
[SourceQuality "1"]
[TimeControl "40/5400+30:1800+30"]

1. c4 e6 2. g3 Nf6 3. Bg2 d5 4. Nf3 Be7 5. O-O O-O 6. b3 c5 7. cxd5 Nxd5 8. Bb2 b6 9. d4 Bb7 10. dxc5 Bxc5 11. a3 Nd7 12. e4 N5f6 13. b4 Be7 14. e5 Nd5 15. Nbd2 a5 16. b5 Nc5 17. Nc4 Qc7 18. Rc1 Rfd8 19. Nd4 Rac8 20. Qe2 Bf8 21. Rfd1 Rd7 22. h4 Qd8 23. Ne3 Nxe3 24. Qxe3 Bxg2 25. Kxg2 Rd5 26. Qf3 Rc7 27. Nc6 Qd7 28. Rxd5 Qxd5 29. Qxd5 exd5 30. Bd4 g6 31. Rc2 Rb7 32. Bxc5 Bxc5 33. a4 Rc7 34. g4 Kg7 35. f4 f6 36. e6 f5 37. g5 Bd6 38. Rd2 Bxf4 39. Rxd5 Kf8 40. Kf3 Bh2 41. Rd2 1-0